 Dungeon Crawl Stone Soup version 0.28-b1-1-g3c77fb2ed1 (webtiles) character file.

Game seed: 12970335394483503799

2414 LustLizard the Cleaver (level 9, 0/80 HPs)
             Began as a Minotaur Berserker on Jan 30, 2022.
             Was a Priest of Trog.
             Slain by an orc priest (1 damage)
             ... on level 7 of the Dungeon.
             The game lasted 00:12:53 (7484 turns).

LustLizard the Cleaver (Minotaur Berserker)         Turns: 7484, Time: 00:12:53

Health: 0/80       AC: 11    Str: 24    XL:     9   Next: 23%
Magic:  17/17      EV:  8    Int:  6    God:    Trog [***...]
Gold:   360        SH:  0    Dex: 13    Spells: 8/8 levels left

rFire   . . .      SeeInvis +   n - +4 dagger of Wumiriv {vorpal, rC+ Dex+3 SInv Stlth+}
rCold   + . .      Faith    .   (no shield)
rNeg    + . .      Spirit   .   h - +0 chain mail
rPois   .          Reflect  .   (helmet restricted)
rElec   .          Harm     .   l - +0 cloak
rCorr   .          Rampage  .   o - +0 pair of gloves
Will    .....                   (no boots)
Stlth   ..........              (no amulet)
HPRegen 0.23/turn               s - ring of magical power
MPRegen 0.15/turn               w - ring of positive energy

@: no status effects
A: horns 2, retaliatory headbutt
a: Renounce Religion, Berserk, Trog's Hand


You were on level 7 of the Dungeon.
You worshipped Trog.
Trog was most pleased with you.
You visited 1 branch of the dungeon, and saw 7 of its levels.

You collected 360 gold pieces.

Inventory:

Hand Weapons
 a - a +0 hand axe
 e - a +0 war axe
 n - the +4 dagger of Wumiriv (weapon) {vorpal, rC+ Dex+3 SInv Stlth+}
   (You took it off an orc on level 3 of the Dungeon)

   It inflicts extra damage upon your enemies.
   Dex:       It affects your dexterity (+3).
   rC:        It protects you from cold.
   SInv:      It lets you see invisible.
   Stlth:     It makes you more stealthy.
 t - a +2 mace of protection
Missiles
 d - 161 stones (quivered)
 k - 2 poisoned darts
Armour
 b - a +0 animal skin
 h - a +0 chain mail (worn)
 l - a +0 cloak (worn)
 o - a +0 pair of gloves (worn)
Jewellery
 s - a ring of magical power (left hand)
 w - a ring of positive energy (right hand)
 y - a +6 ring of strength
Scrolls
 f - a scroll of teleportation
 j - a scroll of magic mapping
 m - a scroll of summoning
 p - 2 scrolls of blinking
 q - a scroll of enchant weapon {unknown}
 u - a scroll of noise {unknown}
 x - a scroll of immolation {unknown}
 A - a scroll of fog {unknown}
Potions
 c - 2 potions of might
 g - a potion of lignification
 i - a potion of magic
 r - a potion of ambrosia
 v - a potion of attraction {unknown}
 z - a potion of cancellation {unknown}


   Skills:
 + Level 7.6 Fighting
 * Level 10.2 Axes
 * Level 7.6 Throwing
 - Level 2.4 Armour
 - Level 2.1 Dodging


You had 8 spell levels left.
You didn't know any spells.
Your spell library was empty.

Dungeon Overview and Level Annotations

Branches:
Dungeon (7/15)             Temple (0/1) D:6

Altars:
Cheibriados
Dithmenos
Okawaru
Yredelemnul
Beogh

Shops:
D:5 [


Innate Abilities, Weirdness & Mutations

You have a pair of horns on your head.
You reflexively headbutt those who attack you in melee.


Message History

The stone closely misses the orc warrior.
You throw a stone.
The stone hits the orc warrior but does no damage.
You throw a stone.
The stone hits the orc warrior but does no damage. 2 orc priests come into view.
The orc warrior hits you with a +2 trident of distortion!
The orc priest moves out of view.
You hit the orc warrior. Your headbutt misses the orc warrior.
The orc warrior is moderately wounded.
The orc warrior barely misses you.
You hit the orc warrior but do no damage.
The orc warrior is moderately wounded.
An orc priest comes into view. It is wielding a +0 club.
The orc priest shouts!
The orc priest hits you but does no damage.
The orc warrior hits you with a +2 trident of distortion!
You hit the orc priest. Your headbutt misses the orc priest.
The orc priest is moderately wounded.
The orc priest closely misses you.
The orc priest calls down the wrath of Beogh upon you.
Beogh smites you! The orc warrior closely misses you. You furiously retaliate!
You headbutt the orc warrior.
The orc warrior hits you with a +2 trident of distortion!
You blink.
The orc priest looks satisfied for a moment.
The orc warrior hits you with a +2 trident of distortion!
* * * LOW HITPOINT WARNING * * *
Space warps horribly around you.
* * * LOW HITPOINT WARNING * * *
The orc priest hits you with a +0 flail!
* * * LOW HITPOINT WARNING * * *
The orc priest invokes the aid of Beogh against you.
Beogh smites you!
* * * LOW HITPOINT WARNING * * *
The orc priest looks encouraged for a moment.
There is a stone staircase leading up, spattered with blood here.
The orc warrior hits you but does no damage.
The orc priest hits you with a +0 flail.
You die...

#....(o.#
#...(...#
#.o(....#
###.(.....#
#.#o#######
###.........#
#...........#
#.#.oo.....##
# #.@......#
#........#
#.#........#
#..........#
#...........#
#...##########
####


You could see an orc warrior and 3 orc priests.

Vanquished Creatures
  3 sky beasts (D:5)
  An ice beast (D:3)
  4 ogres
  A necrophage (D:4)
  2 phantoms
  Blork the orc (D:6)
  2 scorpions (D:5)
  A gnoll sergeant (D:6)
  A wyvern zombie (D:5)
  A water moccasin zombie (D:5)
  A wyvern skeleton (D:3)
  4 killer bees (D:6)
  A water moccasin skeleton (D:3)
  A wight (D:6)
  The ghost of Ekaitz the Grave Robber, a weakling DsNe (D:3)
  2 centaur zombies (D:6)
  A jelly (D:5)
  7 hounds
  2 orc priests (D:3)
  Crazy Yiuf (D:2)
  A gnoll shaman (D:4)
  2 iguanas (D:5)
  An orc wizard (D:6)
  Robin (D:2)
  A howler monkey skeleton (D:4)
  5 adders
  8 gnolls
  2 shadow imps
  An ufetubus (D:5)
  An adder skeleton (D:4)
  2 worms
  A dart slug (D:4)
  20 orcs
  6 ball pythons
  5 endoplasms
  A giant cockroach (D:3)
  11 goblins
  5 hobgoblins
  4 jackals (D:4)
  A kobold (D:3)
  4 quokkas
  3 bats
  2 frilled lizards
  A rat (D:1)
127 creatures vanquished.

Notes
Turn   | Place    | Note
-------+----------+-------------------------------------------
     0 | D:1      | LustLizard the Minotaur Berserker began the quest for the
                  | Orb.
     0 | D:1      | Reached XP level 1. HP: 19/19 MP: 0/0
   966 | D:2      | Reached skill level 4 in Axes
   966 | D:2      | Reached XP level 2. HP: 27/27 MP: 1/1
  1321 | D:2      | Noticed Robin
  1333 | D:2      | Killed Robin
  1334 | D:2      | Reached XP level 3. HP: 29/33 MP: 2/2
  1570 | D:2      | Found a runed translucent door.
  1571 | D:2      | Noticed Crazy Yiuf
  1616 | D:2      | Killed Crazy Yiuf
  1617 | D:2      | Reached skill level 5 in Axes
  1617 | D:2      | Reached skill level 1 in Throwing
  1617 | D:2      | Reached XP level 4. HP: 41/41 MP: 3/3
  1712 | D:3      | Reached XP level 5. HP: 38/47 MP: 4/4
  1773 | D:3      | Noticed an ice beast
  1781 | D:3      | Killed an ice beast
  1782 | D:3      | Reached skill level 5 in Fighting
  1782 | D:3      | Reached skill level 6 in Axes
  1818 | D:3      | Reached XP level 6. HP: 50/56 MP: 5/5
  2031 | D:3      | Reached ** piety under Trog
  2366 | D:3      | Found a runed translucent gate.
  2366 | D:3      | Identified the +4 dagger of Wumiriv {vorpal, rC+ Dex+3 SInv
                  | Stlth+}
  2366 | D:3      | Noticed Ekaitz's ghost (weakling DsNe)
  2367 | D:3      | Found a runed translucent gate.
  2368 | D:3      | Found a runed translucent gate.
  3025 | D:3      | Killed Ekaitz's ghost
  3210 | D:4      | Reached XP level 7. HP: 61/61 MP: 6/6
  3381 | D:4      | Reached skill level 7 in Axes
  3719 | D:4      | Identified the +0 pair of boots of the Unseen Realm {rElec
                  | Str-5 Int+8 Stlth-}
  3792 | D:4      | Found a shadowy altar of Dithmenos.
  3923 | D:5      | Entered Level 5 of the Dungeon
  3925 | D:5      | Reached *** piety under Trog
  3959 | D:5      | Found an iron altar of Okawaru.
  4078 | D:5      | Reached skill level 5 in Throwing
  4424 | D:5      | Reached skill level 8 in Axes
  4617 | D:5      | Reached XP level 8. HP: 68/70 MP: 7/7
  4632 | D:5      | Found Bim Eqaelluc's Armour Emporium.
  5074 | D:5      | Reached skill level 9 in Axes
  5076 | D:5      | Found a basalt altar of Yredelemnul.
  5362 | D:5      | Found a snail-covered altar of Cheibriados.
  6133 | D:6      | Reached XP level 9. HP: 74/79 MP: 8/8
  6163 | D:6      | Noticed Blork the orc
  6174 | D:6      | Killed Blork the orc
  6191 | D:6      | Found a staircase to the Ecumenical Temple.
  6368 | D:6      | Reached skill level 10 in Axes
  6818 | D:6      | HP: 4/118 [poisoned by a killer bee]
  6822 | D:6      | HP: 1/118 [poisoned by a killer bee]
  7483 | D:7      | HP: 1/80 [orc priest/divine providence (7)]
  7484 | D:7      | Slain by an orc priest

Illustrated notes

Levels and vault maps discovered:
D:1:      matt_arrival_los_fun, layout_loops_ring, serial_rivers,
          chequers_serial_rivers_micro_c, chequers_serial_rivers_marsh,
          chequers_serial_rivers_micro_b, chequers_serial_rivers_small_b,
          chequers_serial_rivers_large_a, grunt_decor_fettered
D:2:      layout_loops_cross, uniq_crazy_yiuf_cottage, uniq_robin
D:3:      layout_basic, biasface_ghost_orc_armoury
D:4:      layout_rooms, nicolae_dithmenos_shadow_blocks,
          hangedman_decor_peaks_small
D:5:      layout_loops_ring, nicolae_overflow_hidden_temple, chei_slow_surprise,
          yredelemnul_altar_generic, serial_shops, nicolae_diamond_shop,
          grunt_tough_drop
D:6:      layout_gridville, minmay_temple_entry_stoned_glass,
          nicolae_concentric_dashed_squares_wild, uniq_blork_the_orc
D:7:      layout_rooms, lemuel_tele_altar, nicolae_alphabet_shops,
          minmay_crystal_room, nicolae_evil_shop

Skill      XL: |  1  2  3  4  5  6  7  8  9 |
---------------+----------------------------+-----
Axes           | 4 5 6 8 9 10 | 10.2
Fighting       | 4 5 6 7 |  7.6
Throwing       | 1 2 3 4 5 7 |  7.6
Armour         | |  2.4
Dodging        | |  2.1

Action                   |  1- 3 |  4- 6 |  7- 9 || total
-------------------------+-------+-------+-------++-------
Melee: War axe           |    33 |    77 |       ||   110
       Hand axe          |     5 |       |       ||     5
       Headbutt          |     5 |    16 |    47 ||    68
       Punch             |     1 |     2 |     3 ||     6
       Dagger            |       |     9 |   228 ||   237
Throw: Stone             |       |    27 |    59 ||    86
       Dart              |       |     2 |     7 ||     9
       Throwing net      |       |       |     1 ||     1
Invok: Berserk           |     2 |     1 |     3 ||     6
       Trog's Hand       |       |       |     2 ||     2
  Use: Scroll            |       |       |     8 ||     8
       Potion            |       |       |     1 ||     1
Armor: Chain mail        |    21 |    43 |   137 ||   201
       Animal skin       |     2 |       |       ||     2
Dodge: Dodged            |    14 |    20 |   120 ||   154
